[Event "10th A Margaryan Memorial 2020"]
[Site "Yerevan"]
[Date "2020.01.10"]
[Round "2.5"]
[White "Galperin, Platon"]
[Black "Shahinyan, David"]
[Result "1-0"]
[ECO "A40"]
[WhiteElo "2460"]
[BlackElo "2444"]
[Annotator "ChessBase"]
[PlyCount "99"]
[EventDate "2020.01.09"]
[EventType "tourn"]
[EventCountry "ARM"]
[SourceTitle "playchess.com"]
[Source "ChessBase"]
[SourceQuality "1"]
[TimeControl "40/5400+30:1800+30"]

1. d4 e6 2. c4 b6 3. e4 Bb7 4. Bd3 Nc6 5. Ne2 Nb4 6. Nbc3 Nxd3+ 7. Qxd3 Ne7 8. O-O d6 9. f4 g6 10. f5 gxf5 11. Ng3 Rg8 12. d5 Qd7 13. Nh5 Bg7 14. exf5 Nxf5 15. Rxf5 exf5 16. Bg5 Be5 17. Re1 Kf8 18. Bh6+ Ke7 19. Bg7 Rxg7 20. Nxg7 Rg8 21. Nxf5+ Kd8 22. Nb5 c6 23. Nxa7 cxd5 24. cxd5 Rg5 25. Rf1 Qa4 26. Nc6+ Bxc6 27. dxc6 Qxc6 28. Qd2 Qc5+ 29. Kh1 Rh5 30. h3 Qc6 31. Qe3 f6 32. h4 Qc4 33. Rc1 Qb4 34. Qf3 Rxh4+ 35. Nxh4 Qxh4+ 36. Qh3 Qxh3+ 37. gxh3 Bxb2 38. Rc6 Ba3 39. Rxb6 Kc7 40. Rb3 Bc5 41. a4 Kc6 42. Kg2 Bb6 43. Kf3 d5 44. Kf4 Bd8 45. Rb5 h5 46. Kf5 h4 47. Rb4 Kc5 48. Rxh4 d4 49. Rh8 Ba5 50. Ke4 {Kd5+} 1-0

[Event "10th A Margaryan Memorial 2020"]
[Site "Yerevan"]
[Date "2020.01.12"]
[Round "4.1"]
[White "Sargsyan, Anna M."]
[Black "Pogosyan, Stefan"]
[Result "0-1"]
[ECO "E62"]
[WhiteElo "2382"]
[BlackElo "2477"]
[Annotator "ChessBase"]
[PlyCount "90"]
[EventDate "2020.01.09"]
[EventType "tourn"]
[EventCountry "ARM"]
[SourceTitle "playchess.com"]
[Source "ChessBase"]
[SourceQuality "1"]
[TimeControl "40/5400+30:1800+30"]

1. d4 Nf6 2. c4 g6 3. g3 Bg7 4. Bg2 O-O 5. Nc3 d6 6. Nf3 Nc6 7. O-O e5 8. d5 Nb8 9. e4 a5 10. Ne1 Na6 11. Nd3 Nd7 12. Be3 Ndc5 13. f4 exf4 14. Bxc5 Nxc5 15. Nxc5 f3 16. Nxb7 Bxb7 17. Qxf3 Bc8 18. Rae1 Be5 19. Qd3 h5 20. b3 h4 21. Nb5 hxg3 22. hxg3 a4 23. b4 Qg5 24. Re3 Bd7 25. Nd4 a3 26. c5 Rfb8 27. Nf3 Qxg3 28. Nxe5 Qxe5 29. c6 Bg4 30. Rb1 Ra4 31. Qc3 Qxc3 32. Rxc3 Rbxb4 33. Rxb4 Rxb4 34. Rxa3 f5 35. exf5 gxf5 36. Rb3 Rxb3 37. axb3 Kf7 38. b4 Kf6 39. b5 f4 40. Kf2 Ke5 41. Bf3 Bf5 42. Bg2 Bc8 43. Kf3 Kxd5 44. Kxf4+ Kc5 45. Bf1 Be6 0-1

[Event "10th A Margaryan Memorial 2020"]
[Site "Yerevan"]
[Date "2020.01.12"]
[Round "4.2"]
[White "Hayrapetyan, Hovik"]
[Black "Sturua, Zurab"]
[Result "*"]
[ECO "D05"]
[WhiteElo "2458"]
[BlackElo "2530"]
[Annotator "ChessBase"]
[PlyCount "37"]
[EventDate "2020.01.09"]
[EventType "tourn"]
[EventCountry "ARM"]
[SourceTitle "playchess.com"]
[Source "ChessBase"]
[SourceQuality "1"]
[TimeControl "40/5400+30:1800+30"]

1. d4 Nf6 2. Nf3 e6 3. e3 d5 4. Bd3 c5 5. b3 Nc6 6. O-O Bd6 7. Bb2 O-O 8. Nbd2 b6 9. a3 Bb7 10. Ne5 Rc8 11. f4 Ne7 12. Qf3 b5 13. dxc5 Bxc5 14. b4 Bb6 15. Bd4 Ne4 16. Qe2 Nf5 17. Nb3 Nfd6 18. a4 bxa4 19. Rxa4 *

[Event "10th A Margaryan Memorial 2020"]
[Site "Yerevan"]
[Date "2020.01.12"]
[Round "4.2"]
[White "Barseghyan, Armen Ar."]
[Black "Levin, Evgeny A."]
[Result "1/2-1/2"]
[ECO "D05"]
[WhiteElo "2408"]
[BlackElo "2527"]
[Annotator "ChessBase"]
[PlyCount "72"]
[EventDate "2020.01.09"]
[EventType "tourn"]
[EventCountry "ARM"]
[SourceTitle "playchess.com"]
[Source "ChessBase"]
[SourceQuality "1"]
[TimeControl "40/5400+30:1800+30"]

1. d4 Nf6 2. Nf3 e6 3. e3 d5 4. Bd3 c5 5. b3 Nc6 6. O-O Bd6 7. Bb2 O-O 8. Nbd2 b6 9. a3 Bb7 10. Ne5 Rc8 11. f4 Ne7 12. Qf3 b5 13. dxc5 Bxc5 14. b4 Bb6 15. Bd4 Ne4 16. Qe2 Nf5 17. Nb3 Nfd6 18. a4 bxa4 19. Rxa4 f6 20. Nf3 Nc3 21. Bxc3 Rxc3 22. Nc5 Bxc5 23. bxc5 Rxc5 24. Rxa7 Ra5 25. Rxa5 Qxa5 26. Nd4 Bc8 27. Qh5 g6 28. Bxg6 hxg6 29. Qxg6+ Kh8 30. Qh6+ Kg8 31. Qg6+ Kh8 32. Nc6 Qc7 33. Qh6+ Kg8 34. Qg6+ Kh8 35. Qh6+ Kg8 36. Qg6+ Kh8 1/2-1/2

[Event "10th A Margaryan Memorial 2020"]
[Site "Yerevan"]
[Date "2020.01.12"]
[Round "4.3"]
[White "Barseghyan, Armen Ar."]
[Black "Levin, Evgeny A."]
[Result "*"]
[ECO "D36"]
[WhiteElo "2408"]
[BlackElo "2527"]
[Annotator "ChessBase"]
[PlyCount "45"]
[EventDate "2020.01.09"]
[EventType "tourn"]
[EventCountry "ARM"]
[SourceTitle "playchess.com"]
[Source "ChessBase"]
[SourceQuality "1"]
[TimeControl "40/5400+30:1800+30"]

1. c4 e6 2. Nc3 d5 3. d4 Be7 4. Nf3 Nf6 5. Bg5 h6 6. Bxf6 Bxf6 7. cxd5 exd5 8. e3 O-O 9. Qb3 c6 10. Bd3 Re8 11. O-O Nd7 12. Qc2 Nf8 13. Bf5 Be7 14. Rab1 a5 15. a3 Bd6 16. Rfc1 Bxf5 17. Qxf5 a4 18. Qc2 Qa5 19. b4 axb3 20. Rxb3 Ra7 21. a4 Re7 22. Rcb1 Qd8 23. R1b2 *

[Event "10th A Margaryan Memorial 2020"]
[Site "Yerevan"]
[Date "2020.01.12"]
[Round "4.4"]
[White "Galperin, Platon"]
[Black "Matviishen, Viktor"]
[Result "0-1"]
[ECO "D43"]
[WhiteElo "2460"]
[BlackElo "2497"]
[Annotator "ChessBase"]
[PlyCount "42"]
[EventDate "2020.01.09"]
[EventType "tourn"]
[EventCountry "ARM"]
[SourceTitle "playchess.com"]
[Source "ChessBase"]
[SourceQuality "1"]
[TimeControl "40/5400+30:1800+30"]

1. c4 c6 2. Nf3 d5 3. d4 Nf6 4. Nc3 e6 5. Bg5 h6 6. Bh4 dxc4 7. e4 g5 8. Bg3 b5 9. h4 g4 10. Ne5 h5 11. Be2 Bg7 12. O-O b4 13. Nxc4 bxc3 14. Nd6+ Kf8 15. bxc3 Ne8 16. Nxc8 Qxc8 17. f3 c5 18. fxg4 cxd4 19. cxd4 Nc6 20. d5 Nd4 21. Rc1 Qxc1 0-1

[Event "10th A Margaryan Memorial 2020"]
[Site "Yerevan"]
[Date "2020.01.12"]
[Round "4.5"]
[White "Shahinyan, David"]
[Black "Davtyan, Artur"]
[Result "1/2-1/2"]
[ECO "A13"]
[WhiteElo "2444"]
[BlackElo "2437"]
[Annotator "ChessBase"]
[PlyCount "129"]
[EventDate "2020.01.09"]
[EventType "tourn"]
[EventCountry "ARM"]
[SourceTitle "playchess.com"]
[Source "ChessBase"]
[SourceQuality "1"]
[TimeControl "40/5400+30:1800+30"]

1. Nf3 d5 2. g3 Nf6 3. Bg2 e6 4. c4 dxc4 5. Na3 Bxa3 6. bxa3 O-O 7. Qc2 Nc6 8. Bb2 Qd6 9. Qxc4 e5 10. O-O Be6 11. Qc2 Rfe8 12. Rfc1 Rad8 13. d3 Bd5 14. Qc5 e4 15. dxe4 Nxe4 16. Qc2 Qh6 17. Rd1 Nf6 18. Nh4 Bxg2 19. Kxg2 Nd5 20. Nf5 Qe6 21. Bxg7 Qxe2 22. Qxe2 Rxe2 23. Kf1 Re6 24. Rac1 f6 25. Bh6 Re5 26. g4 Rde8 27. Rd3 Nce7 28. Nxe7+ R8xe7 29. f4 Ne3+ 30. Ke2 R5e6 31. Kf3 f5 32. Rd8+ Re8 33. Rxe8+ Rxe8 34. Rxc7 Nxg4 35. Bg5 Re3+ 36. Kg2 Rxa3 37. Rxb7 Rxa2+ 38. Kg3 Nxh2 39. Bf6 Nf1+ 40. Kf3 Nh2+ 41. Kg3 h6 42. Bb2 Ng4 43. Kh4 Ra6 44. Kh5 Rb6 45. Rxb6 axb6 46. Kg6 Ne3 47. Bd4 Nc4 48. Kxf5 Kf7 49. Kg4 b5 50. Bc5 Nd2 51. Kf5 Nb3 52. Bb6 b4 53. Ke4 h5 54. Bf2 Na5 55. Bh4 Nc4 56. Kd3 Nd6 57. Be1 b3 58. Kc3 Ke6 59. Kxb3 Kd5 60. Kc3 Ke4 61. Kd2 Kf3 62. Bh4 Kg4 63. Bd8 Nf5 64. Ke2 Kg3 65. Kf1 1/2-1/2

[Event "10th A Margaryan Memorial 2020"]
[Site "Yerevan"]
[Date "2020.01.16"]
[Round "6.2"]
[White "Barseghyan, Armen Ar."]
[Black "Pogosyan, Stefan"]
[Result "1/2-1/2"]
[ECO "D05"]
[WhiteElo "2408"]
[BlackElo "2477"]
[Annotator "ChessBase"]
[PlyCount "202"]
[EventDate "2020.01.09"]
[EventType "tourn"]
[EventCountry "ARM"]
[SourceTitle "playchess.com"]
[Source "ChessBase"]
[SourceQuality "1"]
[TimeControl "40/5400+30:1800+30"]

1. d4 Nf6 2. Nf3 e6 3. e3 b6 4. Bd3 Bb7 5. O-O d5 6. b3 Bd6 7. Bb2 c5 8. Nbd2 O-O 9. dxc5 bxc5 10. c4 Nbd7 11. Rc1 a5 12. Bb1 a4 13. Re1 Qb8 14. g3 Re8 15. Ng5 h6 16. Nh3 Be5 17. Bxe5 Nxe5 18. cxd5 Bxd5 19. e4 axb3 20. axb3 Bc6 21. f4 Ned7 22. e5 Nd5 23. Nc4 f5 24. Nd6 Rf8 25. Bd3 Ra2 26. Bc4 Qb4 27. Nf2 N7b6 28. Nd3 Qa3 29. Re2 Rxe2 30. Qxe2 Nxc4 31. Nxc4 Qxb3 32. Nxc5 Nc3 33. Qd3 Qa2 34. Nd2 Ne4 35. Ncxe4 fxe4 36. Qc2 Qxc2 37. Rxc2 Bd5 38. Nf1 g5 39. Rf2 gxf4 40. gxf4 Ra8 41. Ne3 Ra3 42. Re2 Rd3 43. Kf2 Bb3 44. Rb2 Kg7 45. Ke2 Rc3 46. Rb1 Kg6 47. Rg1+ Kh5 48. Rg7 Ba4 49. Kf2 Rb3 50. Nf1 Rf3+ 51. Kg2 Rxf4 52. Ng3+ Kh4 53. Rg6 h5 54. Rxe6 e3 55. Rf6 Rxf6 56. exf6 Bb3 57. Ne4 Bd5 58. Kg1 Kg4 59. Nd6 Kf3 60. Kf1 e2+ 61. Ke1 Kg2 62. Kxe2 Kxh2 63. Ke3 h4 64. Nf5 h3 65. Kf2 Kh1 66. Ne7 Bf7 67. Nc6 Bd5 68. Ne5 Be6 69. Nf3 Bd5 70. Kg3 Be6 71. Ng5 Kg1 72. Nxh3+ Kf1 73. Ng5 Bg8 74. Kf3 Bd5+ 75. Kf4 Kf2 76. Ke5 Bg8 77. Kd6 Kg3 78. Ke7 Kh4 79. Ne4 Kh5 80. Kf8 Ba2 81. Nc5 Kg6 82. Ke7 Bf7 83. Nd7 Bg8 84. Ke8 Ba2 85. Kf8 Bf7 86. Ke7 Bg8 87. Ne5+ Kg5 88. Nc6 Kg6 89. Nd4 Kg5 90. Ne2 Kg6 91. Ng3 Kg5 92. Ne4+ Kg6 93. Nc5 Kg5 94. Nd7 Kg6 95. Ke8 Bf7+ 96. Kd8 Be6 97. Ke7 Bg8 98. Kf8 Be6 99. Ke8 Bxd7+ 100. Ke7 Be8 101. Kxe8 Kxf6 1/2-1/2

[Event "10th A Margaryan Memorial 2020"]
[Site "Yerevan"]
[Date "2020.01.16"]
[Round "6.4"]
[White "Shahinyan, David"]
[Black "Levin, Evgeny A."]
[Result "1-0"]
[ECO "A36"]
[WhiteElo "2444"]
[BlackElo "2527"]
[Annotator "RC"]
[PlyCount "81"]
[EventDate "2020.01.09"]
[EventType "tourn"]
[EventCountry "ARM"]
[SourceTitle "playchess.com"]
[Source "ChessBase"]
[SourceQuality "1"]
[TimeControl "40/5400+30:1800+30"]

1. g3 g6 2. Bg2 Bg7 3. c4 d6 4. Nc3 Nf6 5. e4 c5 6. d3 Nc6 7. Nge2 O-O 8. O-O a6 9. h3 Rb8 10. a4 Nd7 11. Be3 Nd4 12. f4 b6 13. Rb1 e6 14. b4 Bb7 15. Bf2 Ba8 16. g4 Bc6 17. Nxd4 cxd4 18. Ne2 e5 19. f5 Bf6 20. Ra1 a5 21. b5 Bb7 22. Bg3 Bh4 23. Qe1 Bxg3 24. Qxg3 g5 25. Kf2 Kg7 26. Rh1 Nc5 27. Qf3 Nd7 28. Ng3 Nf6 29. Rh2 Rh8 30. Rah1 Qc7 31. h4 h5 32. hxg5 Nxg4+ 33. Kg1 Nxh2 34. f6+ Kf8 35. Rxh2 Bc8 36. Rxh5 Rg8 37. Rh7 Be6 38. Qh5 Ke8 39. Nf5 Bxf5 40. exf5 e4 41. g6 1-0

[Event "10th A Margaryan Memorial 2020"]
[Site "Yerevan"]
[Date "2020.01.18"]
[Round "8.2"]
[White "Galperin, Platon"]
[Black "Hayrapetyan, Hovik"]
[Result "0-1"]
[ECO "B50"]
[WhiteElo "2460"]
[BlackElo "2458"]
[Annotator "ChessBase"]
[PlyCount "78"]
[EventDate "2020.01.09"]
[EventType "tourn"]
[EventCountry "ARM"]
[SourceTitle "playchess.com"]
[Source "ChessBase"]
[SourceQuality "1"]
[TimeControl "40/5400+30:1800+30"]

1. e4 c5 2. Nf3 d6 3. Nc3 Nf6 4. e5 dxe5 5. Nxe5 Nbd7 6. d4 e6 7. Bf4 Be7 8. g3 O-O 9. Bg2 cxd4 10. Qxd4 Nh5 11. O-O-O Nxf4 12. gxf4 Nf6 13. Qxd8 Bxd8 14. Nb5 Bb6 15. Rd2 Rb8 16. Bf3 Nd5 17. Bxd5 exd5 18. Nd6 Bc5 19. Nxc8 Rbxc8 20. Rhd1 Rfe8 21. Rxd5 Bxf2 22. Ng4 Bb6 23. c3 f6 24. h3 Rc4 25. f5 Rf4 26. Kc2 h5 27. Nh2 Re2+ 28. R1d2 Rxd2+ 29. Rxd2 Rxf5 30. b4 Bc7 31. a4 g5 32. a5 Kf8 33. c4 Ke7 34. c5 a6 35. Kb3 Be5 36. Kc4 Ke6 37. b5 Rf4+ 38. Kb3 axb5 39. Rd3 g4 0-1

[Event "10th A Margaryan Memorial 2020"]
[Site "Yerevan"]
[Date "2020.01.18"]
[Round "8.3"]
[White "Shahinyan, David"]
[Black "Pogosyan, Stefan"]
[Result "1-0"]
[ECO "A28"]
[WhiteElo "2444"]
[BlackElo "2477"]
[Annotator "RC"]
[PlyCount "71"]
[EventDate "2020.01.09"]
[EventType "tourn"]
[EventCountry "ARM"]
[SourceTitle "playchess.com"]
[Source "ChessBase"]
[SourceQuality "1"]
[TimeControl "40/5400+30:1800+30"]

1. c4 Nf6 2. Nc3 e5 3. Nf3 Nc6 4. e4 Bb4 5. d3 d6 6. a3 Bxc3+ 7. bxc3 b6 8. g3 Ne7 9. Bg2 h6 10. O-O Bg4 11. h3 Be6 12. Nh4 Qd7 13. Nf5 Bxf5 14. exf5 Rd8 15. g4 d5 16. cxd5 Nexd5 17. c4 Ne7 18. Bb2 Nc6 19. f4 exf4 20. Qe2+ Kf8 21. Rxf4 Kg8 22. Qf2 Kh7 23. Qh4 Kg8 24. Qf2 Kh7 25. h4 Rhe8 26. g5 Nh5 27. g6+ fxg6 28. fxg6+ Kxg6 29. Bxc6 Qxc6 30. Rg4+ Kh7 31. Qf5+ Kg8 32. Qxh5 Re7 33. Rf1 Qe6 34. Re4 Qh3 35. Rf3 Qd7 36. Rg3 1-0